 Dungeon Crawl Stone Soup version 0.31-a0-1-g4198be8af4 (webtiles) character file.

Game seed: 7078891614233347748

56 Ahpoh the Grasshopper (level 3, 0/18 HPs)
             Began as a Vine Stalker Warper on May 2, 2023.
             Slain by a cerulean imp
             ... wielding a +1 spear
             ... summoned by Natasha
              (1 damage)
             ... on level 2 of the Dungeon.
             The game lasted 00:03:05 (729 turns).

Ahpoh the Grasshopper (Vine Stalker Warper)          Turns: 729, Time: 00:03:06

Health: 0/18       AC:  7    Str: 13    XL:     3   Next: 97%
Magic:  0/7        EV: 11    Int: 13    God:
Gold:   65         SH:  0    Dex: 15    Spells: 6/6 levels left

rFire   . . .        a - +0 falchion
rCold   . . .        g - orb {*Rage}
rNeg    . . .        k - +0 ring mail
rPois   .            m - +0 helmet
rElec   .            (no cloak)
rCorr   .            (no gloves)
SInv    .            f - +0 pair of boots
Will    .....        (no amulet)
Stlth   +            (no ring)
HPRegen 0.23/turn    (no ring)
MPRegen 0.10/turn

%: random rage (20%), guardian spirit
@: on berserk cooldown, slowed, very slow
A: fangs 2, magic shield, antimagic bite, no potion heal 2
a: no special abilities


You were on level 2 of the Dungeon.
You visited 1 branch of the dungeon, and saw 2 of its levels.

You collected 65 gold pieces.

Inventory:

Hand Weapons
 a - a +0 falchion (weapon)
Missiles
 d - 7 boomerangs of dispersal (quivered)
Armour
 f - a +0 pair of boots (worn)
 g - an orb of wrath (worn)
 k - a +0 ring mail (worn)
 m - a +0 helmet (worn)
Jewellery
 i - a ring of ice
 l - a ring of fire
Scrolls
 c - a scroll of blinking
 e - 2 scrolls of fear {unknown}
 j - a scroll of noise {unknown}
Potions
 b - a potion of ambrosia {unknown}
 h - a potion of lignification {unknown}
 n - a potion of flight {unknown}


   Skills:
 + Level 2.1 Fighting
 + Level 2.1 Long Blades
 + Level 0.8 Throwing
 + Level 1.0 Armour
 + Level 1.8 Dodging
 + Level 2.3 Spellcasting
 + Level 4.0 Translocations


You had 6 spell levels left.
You didn't know any spells.
Your spell library contained the following spells:

 Spells                   Type           Power      Damage    Failure   Level
 Blink                    Tloc           22%        N/A       16%         2
 Lesser Beckoning         Tloc           22%        N/A       16%         2
 Teleport Other           Tloc           11%        N/A       30%         3
 Vhi's Electric Charge    Tloc/Air       12%        N/A       56%         3
 Manifold Assault         Tloc           11%        N/A       69%         4


Dungeon Overview and Level Annotations

Branches:
Dungeon (2/15)

Altars:

Annotations:
D:2 Natasha


Innate Abilities, Weirdness & Mutations

You have extremely sharp teeth.
When hurt, damage is shared between your health and your magic reserves.
Your bite disrupts and absorbs the magic of your enemies.
Potions cannot restore your health.


Message History

The cerulean imp disappears in a puff of smoke! x2
Your Long Blades skill increases to level 2!
Your Armour skill increases to level 1!
Your Translocations skill increases to level 4!
You start resting.
You feel a strong urge to attack something.
You are no longer berserk.
You are exhausted.
You feel as though you will be slow longer.
You start resting.
Natasha, Servant of Life and Death comes into view.
Natasha is nearby!
Natasha casts a spell at you. You resist with some effort.
Natasha casts a spell at you. The magic dart hits you.
Natasha howls an incantation.
You feel troubled. Natasha casts a spell at you. The magic dart hits you.
Natasha mumbles some strange words.
The cerulean imp hits you from afar with a +1 spear.
You closely miss Natasha. You bite Natasha, but do no damage.
Natasha claws you but does no damage.
The cerulean imp hits you but does no damage.
Natasha closely misses you. The cerulean imp misses you.
You barely miss Natasha. Your bite misses Natasha.
Natasha casts a spell at you. The magic dart hits you!
The cerulean imp hits you from afar with a +1 spear.
Natasha claws you.
* * * LOW HITPOINT WARNING * * *
The cerulean imp hits you from afar with a +1 spear.
* * * LOW HITPOINT WARNING * * *
You slash Natasha!
Natasha is heavily wounded.
Natasha claws you.
* * * LOW HITPOINT WARNING * * *
The cerulean imp hits you from afar with a +1 spear.
You die...

......#.......................
......#....................##.
......#........###.........#
.............### #.........#
..............# #.........#
.....†........####.........#
...###.....................
...###..................
................@h5.....
......####..............
......# #..............
......## #...........#..
.......# #....##.....+ .
)......# ####........#
.......# ....#...## .........
..... .... ..........


You could see Natasha and a cerulean imp (summoned).

Vanquished Creatures
  Natasha (D:2)
  An adder (D:2)
  2 dart slugs (D:1)
  3 bats (D:1)
  2 endoplasms (D:1)
  A goblin (D:1)
  2 hobgoblins (D:2)
  2 frilled lizards
  3 kobolds
  4 rats
21 creatures vanquished.

Notes
Turn   | Place    | Note
-------+----------+-------------------------------------------
     0 | D:1      | Ahpoh the Vine Stalker Warper began the quest for the Orb.
     0 | D:1      | Reached XP level 1. HP: 11/11 MP: 4/4
   110 | D:1      | Reached XP level 2. HP: 9/15 MP: 6/6
   539 | D:2      | Reached XP level 3. HP: 18/18 MP: 7/7
   703 | D:2      | Noticed Natasha
   713 | D:2      | Killed Natasha
   714 | D:2      | Reached skill level 1 in Armour
   714 | D:2      | Reached skill level 4 in Translocations
   720 | D:2      | Noticed Natasha
   729 | D:2      | Slain by a cerulean imp

Illustrated notes

Levels and vault maps discovered:
D:1:      dpeg_arrival_pits, layout_rooms
D:2:      layout_basic, uniq_natasha

Skill      XL: |  1  2  3 |
---------------+----------+-----
Fighting       | 2 |  2.1
Long Blades    | 2 |  2.1
Armour         | 1 |  1.0
Translocations | 4 |  4.0
Throwing       | |  0.8
Dodging        | |  1.8
Spellcasting   | |  2.3

Action                     || total
---------------------------++-------
  Melee: Falchion          ||    51
         Bite              ||     9
 Armour: Leather armour    ||    11
         Ring mail         ||    10
  Dodge: Dodged            ||    35

Table legend: (Time is in decaauts)
 A = Elapsed time spent in this place.
 B = Non-inter-level travel time spent in this place.
 C = Inter-level travel time spent in this place.
 D = Time resting spent in this place.
 E = Time spent auto-exploring this place.
 F = Levels seen in this place.
 G = Mean time per level.
                   A        B        C        D        E       F      G
               +--------+--------+--------+--------+--------+-----+--------+
         Total |    778 |    767 |     11 |    139 |    355 |   2 |  389.0 |
       Dungeon |    778 |    767 |     11 |    139 |    355 |   2 |  389.0 |
               +--------+--------+--------+--------+--------+-----+--------+

Top non-repeatable levels by time:
     D:1: 542 daAuts
     D:2: 236 daAuts
